 Dungeon Crawl Stone Soup version 0.20.1-1-g8b1a95d (webtiles) character file.

223 beigtais the Conjurer (level 5, -1/28 HPs)
             Began as a Deep Elf Conjurer on Sept 4, 2017.
             Slain by a sky beast (2 damage)
             ... on level 5 of the Dungeon.
             The game lasted 00:25:24 (4616 turns).

beigtais the Conjurer (Deep Elf Conjurer)           Turns: 4616, Time: 00:25:25

Health: -1/28      AC:  5    Str:  8    XL:     5   Next: 66%
Magic:  5/13       EV: 13    Int: 21    God:
Gold:   121        SH:  0    Dex: 15    Spells: 2/13 levels left

rFire    + + .     SeeInvis .   i - +2 dagger (speed)
rCold    . . .     Gourm    .   (no shield)
rNeg     . . .     Faith    .   t - +0 robe
rPois    +         Spirit   .   (no helmet)
rElec    +         Reflect  .   (no cloak)
rCorr    +         Harm     .   j - +2 pair of gloves {Str+3}
MR       .....                  (no boots)
Stlth    +++.......             (no amulet)
Regen    0.1/turn               d - ring of fire
MPRegen  0.2/turn               (no ring)

@: resistant
A: no striking features
a: no special abilities


You were on level 5 of the Dungeon.
You were not hungry.

You visited 1 branch of the dungeon, and saw 5 of its levels.

You collected 121 gold pieces.

Inventory:

Hand Weapons
 f - a +1 dagger of holy wrath
 i - a +2 dagger of speed (weapon)
 p - a +0 blowgun
Missiles
 m - 3 poisoned needles
 o - 8 tomahawks
 r - 7 javelins (quivered)
Armour
 j - a +2 pair of gloves of strength (worn)
 t - a +0 robe (worn)
Jewellery
 d - a ring of fire (left hand)
Scrolls
 e - 2 scrolls of immolation
 q - a scroll of magic mapping
Potions
 h - a potion of heal wounds {unknown}
 k - a potion of flight {unknown}
 s - 2 potions of agility
Books
 b - a book of Conjurations

   Spells                             Type                      Level
   a - Magic Dart                     Conjuration                  1
   b - Searing Ray                    Conjuration                  2
   c - Dazzling Spray                 Conjuration/Hexes            3
   d - Fulminant Prism                Conjuration/Hexes            4
   e - Force Lance                    Conjuration/Translocation    4
   f - Iskenderun's Mystic Blast      Conjuration                  4
Comestibles
 a - a chunk of flesh
 c - 3 bread rations
 n - 4 meat rations


   Skills:
 * Level 0.8 Short Blades
 * Level 1.3 Throwing
 * Level 3.2 Dodging
 * Level 4.3 Stealth
 * Level 4.5 Spellcasting
 * Level 5.6 Conjurations


You had 2 spell levels left.
You knew the following spells:

 Your Spells              Type           Power        Failure   Level  Hunger
a - Magic Dart            Conj           ####         1%          1    None
b - Searing Ray           Conj           ####..       1%          2    #......
c - Fulminant Prism       Conj/Hex       ###.......   34%         4    ####...
d - Force Lance           Conj/Tloc      ###.....     34%         4    ####...


Dungeon Overview and Level Annotations

Branches:
Dungeon (5/15)
 Temple: D:4-7

Altars:
Dithmenos
Okawaru
Xom


Message History

Casting: Searing Ray
Confirm with . or Enter, or press ? or * to list all spells.
You can't see any susceptible monsters within range! (Use Z to cast anyway.)
Casting: Searing Ray
Confirm with . or Enter, or press ? or * to list all spells.
Aiming: Searing Ray
Press: ? - help, Shift-Dir - straight line (Press . to maintain the ray.)
Something hits you. Something shocks you.
The searing ray hits something.
Something hits you but does no damage.
The searing ray hits something.
Something hits you.
* * * LOW HITPOINT WARNING * * *
Something shocks you.
* * * LOW HITPOINT WARNING * * *
It was a potion of resistance.
You feel protected. Something hits you.
* * * LOW HITPOINT WARNING * * *
Something shocks you. You resist.
You die...

######## #......#
##### ###.####.#
#...# ..#....#@#
#.#.#####
#.####.#{###.#.....#
#.# #.#.#.....!#
#.####.#........#
#......###......#
#<.##### #{........
##.# ##.##########
........#
#g#.........
.........
.........>.(


There were no monsters in sight!

Vanquished Creatures
  2 hounds (D:4)
  A worker ant (D:3)
  A gnoll (D:5)
  4 adders
  An adder skeleton (D:4)
  3 worms
  A leopard gecko (D:1)
  2 orcs
  3 ball pythons
  A giant cockroach (D:1)
  7 goblins
  9 hobgoblins
  10 jackals
  10 kobolds
  3 quokkas
  8 bats
  5 frilled lizards
  10 rats
81 creatures vanquished.

Notes
Turn   | Place    | Note
-------+----------+-------------------------------------------
     0 | D:1      | beigtais the Deep Elf Conjurer began the quest for the Orb.
     0 | D:1      | Reached XP level 1. HP: 10/10 MP: 6/6
   492 | D:1      | Reached XP level 2. HP: 15/15 MP: 6/8
   496 | D:1      | Learned a level 2 spell: Searing Ray
   942 | D:1      | Reached skill level 5 in Conjurations
  1118 | D:1      | Reached XP level 3. HP: 19/19 MP: 5/9
  2237 | D:2      | Found a faded altar of an unknown god.
  2316 | D:2      | Found a shimmering altar of Xom.
  2316 | D:2      | Found an iron altar of Okawaru.
  2468 | D:3      | Reached XP level 4. HP: 24/24 MP: 9/11
  2474 | D:3      | Learned a level 4 spell: Fulminant Prism
  2936 | D:3      | Reached skill level 1 in Throwing
  3549 | D:3      | Reached XP level 5. HP: 26/28 MP: 13/13
  3558 | D:3      | Learned a level 4 spell: Force Lance
  3665 | D:4      | Found a shadowy altar of Dithmenos.
  4034 | D:5      | Entered Level 5 of the Dungeon
  4039 | D:5      | Noticed a sky beast
  4616 | D:5      | HP: 1/28 [something (2)]
  4616 | D:5      | Slain by a sky beast

Skill      XL: |  1  2  3  4  5 |
---------------+----------------+-----
Conjurations   | 5 |  5.6
Stealth        | 3 4 |  4.3
Spellcasting   | 4 |  4.5
Throwing       | 1 |  1.3
Dodging        | 3 |  3.2
Short Blades   | |  0.8

Action                   |  1- 3 |  4- 6 || total
-------------------------+-------+-------++-------
Melee: Dagger            |    17 |    13 ||    30
Throw: Tomahawk          |     3 |     4 ||     7
       Javelin           |       |    12 ||    12
 Cast: Magic Dart        |    71 |    22 ||    93
       Searing Ray       |     4 |    13 ||    17
  Use: Scroll            |     7 |     5 ||    12
       Potion            |       |     1 ||     1
 Stab: Sleeping          |     5 |     4 ||     9
  Eat: Chunk             |     5 |     6 ||    11
Armor: Robe              |     5 |     7 ||    12
Dodge: Dodged            |    20 |    17 ||    37
